 Dungeon Crawl Stone Soup version 0.22-a0-542-gce4f928 (webtiles) character file.

60 iamserjio the Insei (level 3, 0/31 HPs)
             Began as a Draconian Monk on June 24, 2018.
             Succumbed to a worker ant's poison
             ... on level 4 of the Dungeon.
             The game lasted 00:05:51 (772 turns).

iamserjio the Insei (Draconian Monk)                 Turns: 772, Time: 00:05:51

Health: 0/31       AC:  5    Str: 13    XL:     3   Next: 82%
Magic:  3/3        EV: 13    Int: 16    God:
Gold:   68         SH:  0    Dex: 13    Spells: 2/2 levels left

rFire    . . .     SeeInvis .     - Unarmed
rCold    . . .     Gourm    .   (no shield)
rNeg     . . .     Faith    .   (armour unavailable)
rPois    .         Spirit   .   (helmet restricted)
rElec    .         Reflect  .   (no cloak)
rCorr    .         Harm     .   (no gloves)
MR       .....                  (no boots)
Stlth    ++........             (no amulet)
HPRegen  0.10/turn              (no ring)
MPRegen  0.08/turn              (no ring)

@: brilliant, lethally poisoned (0 -> -11), flying
A: unfitting armour, cold-blooded, AC +5
a: no special abilities


You were on level 4 of the Dungeon.
You were not hungry.

You visited 1 branch of the dungeon, and saw 4 of its levels.

You collected 68 gold pieces.

Inventory:

Hand Weapons
 c - a +0 hunting sling
Missiles
 f - 4 needles of confusion
 k - 18 stones (quivered)
 n - a steel tomahawk
Wands
 o - a wand of paralysis (12)
Scrolls
 b - a scroll of magic mapping {unknown}
 d - 2 scrolls of remove curse {unknown}
 h - 3 scrolls of identify {unknown}
 m - a scroll of amnesia {unknown}
 p - a scroll of fear {unknown}
Potions
 e - a potion of ambrosia {unknown}
 g - a potion of mutation {unknown}
 i - a potion of flight
 j - a potion of brilliance
 l - a potion of lignification {unknown}
Comestibles
 a - 7 rations


   Skills:
 - Level 3.2 Fighting
 - Level 3.0 Dodging
 - Level 1.7 Stealth
 * Level 4.5 Unarmed Combat


You had 2 spell levels left.
You didn't know any spells.
Your spell library was empty.

Dungeon Overview and Level Annotations

Branches:
Dungeon (4/15)
 Temple: D:4-7

Altars:


Innate Abilities, Weirdness & Mutations

Your plain brown scales are hard. (AC +5)
You cannot fit into any form of body armour.
You are cold-blooded and may be slowed by cold attacks.


Message History

It was a potion of brilliance.
You feel clever all of a sudden.
You feel sick.
An orc comes into view. It is wielding a mace.
The worker ant barely misses you.
It was a potion of flight.
You feel very buoyant.
You fly up into the air.
You feel sick. The worker ant barely misses you.
An orc priest comes into view.
Okay, then.
You feel sick.
The worker ant bites you but does no damage.
There is an open door here.
You feel sick.
You feel sick.
You feel sick. The worker ant bites you!
* * * LOW HITPOINT WARNING * * *
You are more poisoned.
The worker ant poisons you!
You die...

####.... ..### ......#
..... #.##..###...###
#########'##..........
#...................# #
#..........##.......###.#
#..^.......##...........#
#..........##...........
####<....@.a.o......##.
##########.#o....##+##
###.......... ##o#.......
#.#....... #o#......#
#o#.....[# #.#.......
#o#.......


You could see a worker ant and 2 orcs.

Vanquished Creatures
  An adder (D:2)
  An ooze (D:2)
  An adder skeleton (D:4)
  A worm (D:2)
  3 orcs (D:3)
  2 ball pythons (D:2)
  2 giant cockroaches (D:2)
  6 goblins
  3 hobgoblins
  3 bats
  6 frilled lizards
  6 kobolds
  4 rats
39 creatures vanquished.

Notes
Turn   | Place    | Note
-------+----------+-------------------------------------------
     0 | D:1      | iamserjio the Draconian Monk began the quest for the Orb.
     0 | D:1      | Reached XP level 1. HP: 19/19 MP: 1/1
   180 | D:2      | Reached XP level 2. HP: 20/26 MP: 2/2
   253 | D:1      | Reached XP level 3. HP: 17/31 MP: 3/3
   344 | D:1      | Reached skill level 4 in Unarmed Combat
   771 | D:4      | HP: 1/31 [worker ant (7)]
   772 | D:4      | Succumbed to a worker ant's poison

Vault maps used:
D:1:      lemuel_arrival_broad_hall, minmay_pentomino_t2
D:2:      lemuel_zombie_altar_kikubaaqudgha, minmay_cut_off, uniq_natasha
D:3:      biasface_ghost_orc_armoury
D:4:      first_ration, gammafunk_ghost_necromancy

Skill      XL: |  1  2  3 |
---------------+----------+-----
Dodging        | 3 |  3.0
Unarmed Combat | 4 |  4.5
Fighting       | |  3.2
Stealth        | |  1.7

Action                   || total
-------------------------++-------
Melee: Unarmed           ||   133
       Tailslap          ||    20
       Punch             ||     1
  Use: Potion            ||     2
 Stab: Sleeping          ||     3
Armor: Skin              ||    32
Dodge: Dodged            ||    96

Table legend:
 A = Spawn XP
 B = Non-spawn XP
 C = Spawn XP percentage of total XP
 D = Spawn monster count
 E = Non-spawn monster count
 F = Spawn count percentage of total count
 G = Total turns spent on level
                    A         B        C        D         E        F      G
               +---------+---------+-------+---------+---------+-------+---------
         Total |       0 |      87 |   0.0 |       0 |      39 |   0.0 |   772
               +---------+---------+-------+---------+---------+-------+---------
           D:1 |       0 |      17 |   0.0 |       0 |      11 |   0.0 |   232
           D:2 |       0 |      51 |   0.0 |       0 |      20 |   0.0 |   249
           D:3 |       0 |      14 |   0.0 |       0 |       7 |   0.0 |   244
           D:4 |       0 |       5 |   0.0 |       0 |       1 |   0.0 |    47
               +---------+---------+-------+---------+---------+-------+---------
